Map: Frozen Temple

Players

Aegwynn - Winner!

  • Race: Zerg Zerg
  • League: Master

Zerghamdi

  • Race: Zerg Zerg
  • League: Master

VOD

https://www.youtube.com/channel/UCcSgNfDNxvyisU-eCj9xyNg/playlists

Description

Time

  • Played on: Aug. 27, 2016, 8:11 a.m.
  • Length: 8:12
Show
View Real Time Build Order
Export as new Build Order

Aegwynn Zerg - Winner!

Build Orders: Hatch First 

Get SALT Encoding   

  12  0:01  Drone  
  13  0:13  Overlord  
  13  0:18  Drone  
  14  0:32  Drone x2  
  16  0:36  Drone  
  17  0:55  Hatchery  
  16  1:05  Drone x2  
  16  1:09  Extractor  
  17  1:22  Spawning Pool, Drone  
  17  1:25  Drone  
  17  1:32  Drone  
  19  1:42  Overlord  
  19  1:52  Drone  
  20  2:09  Queen x2  
  20  2:10  Zergling x2  
  20  2:13  Drone x2  
  27  2:19  Metabolic Boost  
  27  2:26  Drone x2  
  29  2:38  Zergling x4  
  31  2:47  Hatchery  
  30  2:53  Drone x2  
  30  2:58  Baneling Nest  
  31  3:02  Zergling x4  
  32  3:14  Overlord  
  32  3:15  Zergling x4  
  34  3:21  Drone  
  34  3:26  Zergling x2  
  36  3:32  Zergling x6  
  36  3:33  Zergling x6  
  42  3:44  Baneling  
  41  3:49  Zergling x4  
  41  3:52  Overlord x2  
  40  3:57  Overlord  
  40  4:01  Baneling  
  40  4:06  Zergling x2  
  40  4:07  Zergling x2  
  39  4:18  Roach Warren  
  39  4:21  Spine Crawler x2  
  35  4:33  Zergling x12  
  41  4:39  Zergling x6  
  44  4:46  Baneling  
  44  4:58  Roach x5  
  53  5:11  Roach x3  
  52  5:24  Baneling x2  
  49  5:29  Zergling x6  
  50  5:43  Zergling x8  
  52  6:02  Extractor  
  47  6:08  Overlord x2  
  47  6:10  Spawning Pool  
  34  6:19  Drone x2  
  34  6:20  Drone  
  31  6:26  Drone  
  28  6:37  Drone x2  
  28  6:39  Drone x2  
  30  6:52  Drone  
  30  6:53  Drone x2  
  33  6:59  Drone  
  34  7:07  Zergling x2  
  34  7:08  Zergling x2  
  36  7:10  Zergling x4  
  36  7:11  Zergling x2  
  39  7:30  Zergling x8  
Show
View Real Time Build Order
Export as new Build Order

Zerghamdi Zerg 

Build Orders: Pool First 

Get SALT Encoding   

  12  0:00  Drone  
  13  0:13  Overlord  
  13  0:18  Drone  
  14  0:31  Drone x2  
  16  0:37  Drone  
  17  0:46  Spawning Pool  
  17  0:49  Drone  
  17  1:13  Drone  
  17  1:14  Extractor  
  17  1:18  Hatchery  
  17  1:21  Drone  
  17  1:24  Drone  
  18  1:29  Drone  
  19  1:39  Drone  
  20  1:47  Queen  
  20  1:49  Overlord  
  22  2:08  Zergling x2  
  22  2:11  Drone  
  22  2:14  Metabolic Boost  
  24  2:22  Drone  
  25  2:24  Queen  
  27  2:30  Queen  
  27  2:33  Drone  
  30  2:38  Drone  
  30  2:43  Drone  
  32  2:51  Overlord  
  32  3:00  Queen  
  32  3:02  Roach Warren  
  33  3:12  Zergling x8  
  36  3:13  Zergling x2  
  37  3:20  Overlord  
  37  3:24  Zergling x2  
  39  3:27  Zergling x4  
  40  3:38  Overlord  
  40  3:47  Roach x6  
  51  3:50  Roach  
  49  3:59  Roach  
  49  4:02  Roach  
  53  4:04  Roach  
  53  4:07  Roach  
  57  4:11  Zergling x4  
  58  4:17  Overlord  
  58  4:27  Zergling x2  
  58  4:29  Zergling x2  
  58  4:30  Zergling x2  
  59  4:36  Evolution Chamber, Zergling x8  
  62  4:41  Zergling x2  
  62  4:44  Zergling x2  
  62  4:45  Zergling x2  
  65  4:49  Drone  
  65  5:02  Zergling x4  
  64  5:16  Zergling x8  
  64  5:23  Zergling x6  
  64  5:26  Zergling x2  
  64  5:27  Zergling x2  
  58  5:31  Zergling x6  
  58  5:32  Zergling x2  
  58  5:33  Zergling x2  
  48  5:53  Overlord  
  16  6:36  Spawning Pool  
  7  6:43  Drone  
  7  6:44  Drone  
  9  7:05  Drone x2  
  10  7:13  Drone  
  11  7:23  Drone  
  12  7:36  Zergling x4  
  14  7:42  Zergling x2  
  15  7:45  Zergling x2  
Tags
 
Add a new tag
Caveats
  • Supply blocks, unpowered buildings, or Contaminate may cause inaccurate times.
  • Supply counts are checked every 10 seconds.